Map: Cinder Fortress

Players

A.I. 1 (Very Hard) - Winner!

  • Race: Zerg Zerg
  • Spawn Location: 12:00

larsgj

  • Race: Terran Terran
  • Spawn Location: 3:00

VOD

Have the link to the VOD?

Description

Time

  • Played on: Feb. 9, 2019, 4:27 a.m.
  • Length: 9:11
Show
View Real Time Build Order
Export as new Build Order

A.I. 1 (Very Hard) Zerg - Winner!

Build Orders: Hatch First 

Get SALT Encoding   

  12  0:00  Drone  
  13  0:12  Overlord  
  13  0:16  Drone  
  14  0:30  Drone x2  
  14  0:34  Drone  
  17  0:55  Hatchery  
  17  0:56  Drone  
  17  1:11  Spawning Pool  
  17  1:13  Extractor  
  17  1:15  Drone  
  16  1:19  Drone  
  16  1:22  Drone  
  18  1:27  Drone  
  19  1:38  Overlord  
  19  1:49  Drone  
  20  1:58  Queen  
  20  1:59  Zergling x2  
  23  2:06  Drone  
  24  2:10  Queen  
  26  2:19  Drone  
  27  2:30  Roach Warren  
  27  2:31  Drone  
  27  2:35  Extractor  
  27  2:36  Drone  
  27  2:43  Overlord  
  27  2:47  Drone  
  27  2:49  Drone  
  29  2:53  Drone  
  29  2:55  Drone  
  31  2:58  Drone  
  31  3:04  Zergling x2  
  31  3:05  Zergling x2  
  34  3:10  Roach  
  36  3:14  Roach  
  36  3:18  Roach  
  40  3:22  Roach  
  40  3:24  Drone  
  40  3:27  Drone  
  44  3:32  Overlord  
  44  3:38  Lair  
  43  3:45  Metabolic Boost  
  43  3:50  Drone, Zergling x2  
  43  3:52  Drone  
  43  3:55  Drone  
  47  3:57  Drone  
  47  3:59  Drone  
  47  4:01  Drone  
  50  4:04  Drone  
  50  4:08  Overlord  
  51  4:14  Drone, Evolution Chamber  
  51  4:21  Drone, Evolution Chamber  
  51  4:26  Drone x3  
  51  4:30  Drone  
  55  4:32  Drone  
  55  4:34  Drone  
  55  4:36  Drone  
  58  4:38  Drone, Infestation Pit  
  58  4:42  Zerg Missile Weapons Level 1  
  58  4:47  Zerg Ground Armor Level 1  
  58  4:50  Overlord  
  58  4:54  Overlord  
  58  4:55  Drone  
  59  5:08  Drone, Baneling Nest  
  59  5:09  Drone  
  59  5:10  Drone  
  59  5:11  Hydralisk Den  
  59  5:12  Extractor, Drone  
  59  5:13  Drone  
  61  5:15  Drone  
  61  5:18  Roach  
  61  5:20  Roach  
  66  5:22  Overlord  
  66  5:25  Roach  
  66  5:27  Roach  
  70  5:35  Extractor, Drone x4  
  72  5:40  Hydralisk  
  75  5:43  Hydralisk, Overlord, Ravager  
  75  5:48  Hydralisk  
  80  5:53  Baneling  
  80  5:54  Hydralisk  
  80  5:57  Drone  
  83  6:01  Roach, Overlord, Drone  
  83  6:02  Drone  
  83  6:03  Hydralisk  
  89  6:08  Hydralisk  
  89  6:11  Baneling  
  91  6:13  Baneling  
  91  6:15  Baneling  
  91  6:18  Baneling  
  91  6:19  Overlord, Zergling x2  
  91  6:20  Baneling, Zergling x2  
  91  6:22  Baneling  
  93  6:29  Spine Crawler  
  93  6:31  Ravager  
  93  6:34  Roach, Spine Crawler  
  93  6:36  Roach  
  93  6:38  Overlord  
  96  6:45  Hydralisk  
  98  6:50  Hydralisk  
  98  6:52  Baneling x2, Zergling x2  
  98  6:53  Baneling x2, Zergling x2  
  102  7:08  Hatchery, Infestor, Overlord  
  102  7:09  Drone  
  102  7:13  Zergling x2, Baneling, Spore Crawler  
  102  7:14  Drone  
  102  7:15  Drone, Spore Crawler  
  104  7:16  Baneling  
  104  7:18  Overseer  
  105  7:29  Infestor  
  107  7:32  Roach  
  107  7:34  Roach, Overlord  
  111  7:47  Centrifugal Hooks  
  111  7:50  Roach  
  113  7:54  Hydralisk  
  115  7:59  Hydralisk, Overlord  
  115  8:00  Spine Crawler  
  115  8:03  Hydralisk  
  118  8:08  Hydralisk  
  120  8:21  Queen, Drone x2  
  120  8:22  Drone x5, Overlord  
  120  8:23  Drone x4  
  120  8:24  Drone x2, Lurker Den  
  134  8:31  Drone  
  134  8:32  Extractor, Drone x2  
  136  8:34  Drone x3  
  139  8:41  Overlord  
  139  8:45  Baneling, Zergling x2  
  139  8:47  Zergling x2  
  138  8:51  Extractor  
  138  8:55  Drone x2  
Show
View Real Time Build Order
Export as new Build Order

larsgj Terran 

Build Orders:  

Get SALT Encoding   

  12  0:01  SCV  
  13  0:15  Supply Depot  
  13  0:17  SCV  
  14  0:29  SCV  
  15  0:38  Barracks  
  15  0:41  SCV  
  16  0:49  Supply Depot  
  16  0:54  SCV  
  17  1:06  SCV  
  17  1:10  Barracks  
  18  1:18  SCV  
  19  1:25  Supply Depot  
  19  1:31  SCV  
  19  1:32  Marine  
  21  1:50  Marine  
  21  1:53  SCV  
  21  1:54  Supply Depot  
  23  1:59  Marine  
  24  2:05  SCV  
  24  2:08  Marine  
  26  2:11  Engineering Bay  
  26  2:17  Marine, SCV  
  26  2:19  Supply Depot  
  28  2:26  Marine  
  28  2:29  SCV  
  30  2:34  Marine  
  31  2:37  Refinery  
  31  2:41  SCV, Refinery  
  31  2:43  Marine  
  33  2:46  Supply Depot  
  33  2:52  Marine  
  33  2:53  SCV  
  35  3:01  Bunker  
  35  3:05  SCV  
  35  3:12  Marine x2  
  38  3:17  SCV  
  39  3:30  SCV  
  40  3:34  Bunker  
  40  3:53  Orbital Command, Command Center  
  40  3:55  Terran Infantry Weapons Level 1  
  40  3:58  Barracks Tech Lab  
  40  4:00  Marine  
  41  4:05  Bunker  
  41  4:18  Marine  
  41  4:20  Missile Turret  
  42  4:40  Missile Turret  
  42  4:41  Marine  
  42  4:42  Combat Shield  
  43  4:48  Marine  
  44  5:00  Marine, Missile Turret  
  44  5:06  Marine  
  46  5:08  SCV, Refinery  
  47  5:20  SCV  
  48  5:21  Missile Turret  
  48  5:27  Marine  
  49  5:28  Marine  
  49  5:32  SCV  
  51  5:44  SCV  
  51  5:47  Missile Turret, Factory  
  52  5:50  Terran Infantry Armor Level 1  
  52  5:53  Refinery  
  52  5:56  SCV  
  53  6:08  SCV  
  53  6:10  Supply Depot  
  54  6:11  Marine x2  
  56  6:20  SCV  
  57  6:29  Marine x2  
  57  6:32  SCV  
  60  6:36  Starport  
  60  6:47  Marine x2, Armory  
  62  7:04  Orbital Command  
  62  7:05  Marine x2  
  64  7:22  Marine  
  64  7:23  Marine  
  64  7:24  Bunker  
  66  7:38  Medivac  
  66  7:40  Marine x2  
  66  7:44  Hi-Sec Auto Tracking  
  70  7:56  Starport  
  70  7:58  Bunker  
  70  8:08  Medivac  
  72  8:25  Marine x2  
  74  8:30  Bunker  
  74  8:38  Medivac  
  76  8:42  Marine  
  76  8:43  Marine  
  76  8:45  Missile Turret  
Tags
 
Matchup
TvZ
Replay Pack
Multiplayer
Spawn Locations
Close Positions
Add a new tag
Caveats
  • Supply blocks, unpowered buildings, or Contaminate may cause inaccurate times.
  • Supply counts are checked every 10 seconds.